| TOP OF THE 1ST |
|
Anderson Rebels batting - Pitching for Greenville Spinners : RHP Linvel Mosby
|
|
Pitching: RHP Linvel Mosby
|
|
|
Batting: RHB Mike Gallego
|
0-0: Foul Ball, location: 2F 0-1: Swinging Strike 0-2: Ball 1-2: Ball 2-2: Ball 3-2: Strikes out looking
|
|
Batting: RHB Juan Blanco
|
0-0: Foul Ball, location: 2F 0-1: Swinging Strike 0-2: Foul Ball, location: 2F 0-2: Reached via error on a dropped throw from 3B, E3 (Groundball, 5S, EV 85.0 MPH)
|
|
Batting: RHB Henry Cotto
|
0-0: Swinging Strike 0-1: Ball 1-1: Ball 2-1: Ball 3-1: Fielders Choice at 2nd, 6-4 (Groundball, 6, EV 78.8 MPH)
|
|
Batting: RHB Larry See
|
0-0: Ground out 2-3 (Groundball, 2L, EV 77.5 MPH)
|
| Top of the 1st over - 0 runs, 0 hits, 1 error, 1 left on base; Anderson 0 - Greenville 0 |
| BOTTOM OF THE 1ST |
|
Greenville Spinners batting - Pitching for Anderson Rebels : RHP Fernando Santana
|
|
Pitching: RHP Fernando Santana
|
|
|
Batting: RHB Tony Russell
|
0-0: Foul Ball, location: 2F 0-1: Ball 1-1: Foul Ball, location: 2F 1-2: Fly out, F3 (Popup, 3SF, EV 65.0 MPH)
|
|
Batting: LHB John Edmonds
|
0-0: Foul Ball, location: 2F 0-1: Swinging Strike 0-2: SINGLE (Line Drive, 56D, EV 95.0 MPH)
|
|
Batting: LHB William Hance
|
0-0: Ball 1-0: Fly out, F8 (Flyball, 8RXD, EV 98.8 MPH)
|
|
Batting: RHB Bobby Miscik
|
0-0: Called Strike 0-1: Called Strike 0-2: Foul Ball, location: 2F 0-2: Ball 1-2: Foul Ball, location: 2F 1-2: Foul Ball, location: 2F 1-2: Fly out, F8 (Line Drive, 8RD, EV 98.8 MPH)
|
| Bottom of the 1st over - 0 runs, 1 hit, 0 errors, 1 left on base; Anderson 0 - Greenville 0 |
| TOP OF THE 2ND |
|
Anderson Rebels batting - Pitching for Greenville Spinners : RHP Linvel Mosby
|
|
Batting: RHB Todd Demeter
|
0-0: Ball 1-0: Called Strike 1-1: Foul Ball, location: 2F 1-2: Strikes out swinging
|
|
Batting: RHB Steve Lombardozzi
|
0-0: Called Strike 0-1: Ball 1-1: Called Strike 1-2: Ball 2-2: Strikes out swinging
|
|
Batting: RHB Guillermo Montiel
|
0-0: Foul Ball, location: 2F 0-1: Swinging Strike 0-2: Ball 1-2: Strikes out swinging
|
| Top of the 2nd over - 0 runs, 0 hits, 0 errors, 0 left on base; Anderson 0 - Greenville 0 |
| BOTTOM OF THE 2ND |
|
Greenville Spinners batting - Pitching for Anderson Rebels : RHP Fernando Santana
|
|
Batting: RHB Glenn Robertson
|
0-0: SINGLE (Flyball, 8LS, EV 84.4 MPH)
|
|
Batting: RHB Byron Peyton
|
0-0: Ball 1-0: Called Strike 1-1: Foul Ball, location: 2F 1-2: Ball 2-2: Foul Ball, location: 2F 2-2: Grounds into double play, 4-6-3 (Groundball, 4, EV 92.5 MPH)
|
|
Batting: RHB Michael McEvilly
|
0-0: Ground out 5-3 (Groundball, 15, EV 81.3 MPH)
|
| Bottom of the 2nd over - 0 runs, 1 hit, 0 errors, 0 left on base; Anderson 0 - Greenville 0 |
| TOP OF THE 3RD |
|
Anderson Rebels batting - Pitching for Greenville Spinners : RHP Linvel Mosby
|
|
Batting: RHB Jose Bernhardt
|
0-0: Foul Ball, location: 2F 0-1: Foul Ball, location: 2F 0-2: Ball 1-2: Strikes out swinging
|
|
Batting: RHB Hector Ordonez
|
0-0: Swinging Strike 0-1: Ball 1-1: Called Strike 1-2: Strikes out looking
|
|
Batting: RHB Mike Gallego
|
0-0: Called Strike 0-1: Foul Ball, location: 2F 0-2: Strikes out looking
|
| Top of the 3rd over - 0 runs, 0 hits, 0 errors, 0 left on base; Anderson 0 - Greenville 0 |
| BOTTOM OF THE 3RD |
|
Greenville Spinners batting - Pitching for Anderson Rebels : RHP Fernando Santana
|
|
Batting: RHB Luis Salazar
|
0-0: Swinging Strike 0-1: Swinging Strike 0-2: Strikes out swinging
|
|
Batting: RHB Darrell Woodard
|
0-0: Called Strike 0-1: Foul Ball, location: 2F 0-2: Ground out 1-3 (Groundball, 15S, EV 70.0 MPH)
|
|
Batting: RHB Tony Russell
|
0-0: SINGLE (Groundball, 4M, EV 92.5 MPH) (infield hit)
|
|
Batting: LHB John Edmonds
|
0-0: Ball 1-0: Ball 2-0: Ball 3-0: Called Strike 3-1: Swinging Strike 3-2: SINGLE (Groundball, 6MS, EV 71.3 MPH) (infield hit) Tony Russell to second
|
|
Batting: LHB William Hance
|
0-0: Ball 1-0: Ball 2-0: Called Strike 2-1: Called Strike 2-2: Fielders Choice at 2nd, U6 (Groundball, 6M, EV 81.9 MPH)
|
| Bottom of the 3rd over - 0 runs, 2 hits, 0 errors, 2 left on base; Anderson 0 - Greenville 0 |
| TOP OF THE 4TH |
|
Anderson Rebels batting - Pitching for Greenville Spinners : RHP Linvel Mosby
|
|
Batting: RHB Juan Blanco
|
0-0: SINGLE (Line Drive, 7S, EV 103.1 MPH)
|
|
Batting: RHB Henry Cotto
|
0-0: Ball 1-0: Ball 2-0: Called Strike 2-1: Swinging Strike 2-2: Foul Ball, location: 2F 2-2: Grounds into double play, 4-6-3 (Groundball, 4, EV 82.5 MPH)
|
|
Batting: RHB Larry See
|
0-0: Called Strike 0-1: SINGLE (Line Drive, 6D, EV 99.4 MPH)
|
|
Batting: RHB Todd Demeter
|
0-0: Called Strike 0-1: Fly out, F9 (Line Drive, 9, EV 110.6 MPH)
|
| Top of the 4th over - 0 runs, 2 hits, 0 errors, 1 left on base; Anderson 0 - Greenville 0 |
| BOTTOM OF THE 4TH |
|
Greenville Spinners batting - Pitching for Anderson Rebels : RHP Fernando Santana
|
|
Batting: RHB Bobby Miscik
|
0-0: Ball 1-0: Foul Ball, location: 2F 1-1: Fly out, F9 (Flyball, 89S, EV 96.9 MPH)
|
|
Batting: RHB Glenn Robertson
|
0-0: Ball 1-0: Foul Ball, location: 2F 1-1: Ball 2-1: Foul Ball, location: 2F 2-2: Ground out 4-3 (Groundball, 4, EV 81.9 MPH)
|
|
Batting: RHB Byron Peyton
|
0-0: Foul Ball, location: 2F 0-1: Ball 1-1: Ground out 5-3 (Groundball, 56, EV 96.9 MPH)
|
| Bottom of the 4th over - 0 runs, 0 hits, 0 errors, 0 left on base; Anderson 0 - Greenville 0 |
| TOP OF THE 5TH |
|
Anderson Rebels batting - Pitching for Greenville Spinners : RHP Linvel Mosby
|
|
Batting: RHB Steve Lombardozzi
|
0-0: Ball 1-0: Ball 2-0: Foul Ball, location: 2F 2-1: Ball 3-1: Foul Ball, location: 2F 3-2: Fly out, F8 (Flyball, 8RM, EV 73.8 MPH)
|
|
Batting: RHB Guillermo Montiel
|
0-0: Swinging Strike 0-1: Called Strike 0-2: Foul Ball, location: 2F 0-2: Foul Ball, location: 2F 0-2: Foul Ball, location: 2F 0-2: Ball 1-2: Ball 2-2: Foul Ball, location: 2F 2-2: Ball 3-2: Ground out 5-3 (Groundball, 5S, EV 70.0 MPH)
|
|
Batting: RHB Jose Bernhardt
|
0-0: Swinging Strike 0-1: Foul Ball, location: 2F 0-2: Ball 1-2: Ground out U3 (Groundball, 34S, EV 84.4 MPH)
|
| Top of the 5th over - 0 runs, 0 hits, 0 errors, 0 left on base; Anderson 0 - Greenville 0 |
| BOTTOM OF THE 5TH |
|
Greenville Spinners batting - Pitching for Anderson Rebels : RHP Fernando Santana
|
|
Batting: RHB Michael McEvilly
|
0-0: Ball 1-0: SOLO HOME RUN (Flyball, 7D, EV 110.6 MPH), Distance : 369 ft
|
|
Batting: RHB Luis Salazar
|
0-0: Ball 1-0: Called Strike 1-1: Fly out, F8 (Line Drive, 8RD, EV 83.8 MPH)
|
|
Batting: RHB Darrell Woodard
|
0-0: Ball 1-0: Ball 2-0: Foul Ball, location: 2F 2-1: Swinging Strike 2-2: Ground out U3 (Groundball, 13, EV 79.4 MPH)
|
|
Batting: RHB Tony Russell
|
0-0: Ball 1-0: Swinging Strike 1-1: Ground out U3 (Groundball, 34S, EV 91.9 MPH)
|
| Bottom of the 5th over - 1 run, 1 hit, 0 errors, 0 left on base; Anderson 0 - Greenville 1 |
| TOP OF THE 6TH |
|
Anderson Rebels batting - Pitching for Greenville Spinners : RHP Linvel Mosby
|
|
Batting: RHB Hector Ordonez
|
0-0: Called Strike 0-1: Foul Ball, location: 2F 0-2: Ground out 5-3 (Groundball, 5L, EV 86.9 MPH)
|
|
Batting: RHB Mike Gallego
|
0-0: Ball 1-0: Ball 2-0: Ball 3-0: Base on Balls
|
|
Batting: RHB Juan Blanco
|
0-0: Called Strike 0-1: Ball 1-1: Called Strike 1-2: Ball 2-2: Foul Ball, location: 2F 2-2: Ball 3-2: Foul Ball, location: 2F 3-2: 2-RUN HOME RUN (Flyball, 7D, EV 106.3 MPH), Distance : 360 ft
|
|
Batting: RHB Henry Cotto
|
0-0: Ground out 5-3 (Groundball, 56S, EV 91.9 MPH)
|
|
Batting: RHB Larry See
|
0-0: Foul Ball, location: 2F 0-1: Ball 1-1: Fly out, F7 (Flyball, 7, EV 86.3 MPH)
|
| Top of the 6th over - 2 runs, 1 hit, 0 errors, 0 left on base; Anderson 2 - Greenville 1 |
| BOTTOM OF THE 6TH |
|
Greenville Spinners batting - Pitching for Anderson Rebels : RHP Fernando Santana
|
|
Batting: LHB John Edmonds
|
0-0: Ball 1-0: Ball 2-0: Called Strike 2-1: Fly out, F7 (Flyball, 7, EV 86.3 MPH)
|
|
Batting: LHB William Hance
|
0-0: Called Strike 0-1: Ball 1-1: Called Strike 1-2: Fly out, F4 (Flyball, 4MD, EV 91.3 MPH)
|
|
Batting: RHB Bobby Miscik
|
0-0: Fly out, F7 (Flyball, 7D, EV 97.5 MPH)
|
| Bottom of the 6th over - 0 runs, 0 hits, 0 errors, 0 left on base; Anderson 2 - Greenville 1 |
| TOP OF THE 7TH |
|
Anderson Rebels batting - Pitching for Greenville Spinners : RHP Linvel Mosby
|
|
Batting: RHB Todd Demeter
|
0-0: Called Strike 0-1: Ball 1-1: Called Strike 1-2: Ball 2-2: Fly out, F8 (Flyball, 8LXD, EV 99.4 MPH)
|
|
Batting: RHB Steve Lombardozzi
|
0-0: Ball 1-0: Swinging Strike 1-1: Foul Ball, location: 2F 1-2: Foul Ball, location: 2F 1-2: Strikes out swinging
|
|
Batting: RHB Guillermo Montiel
|
0-0: Ball 1-0: Called Strike 1-1: Ball 2-1: Foul Ball, location: 2F 2-2: Ball 3-2: Strikes out swinging
|
| Top of the 7th over - 0 runs, 0 hits, 0 errors, 0 left on base; Anderson 2 - Greenville 1 |
| BOTTOM OF THE 7TH |
|
Greenville Spinners batting - Pitching for Anderson Rebels : RHP Fernando Santana
|
|
Batting: RHB Glenn Robertson
|
0-0: Swinging Strike 0-1: SINGLE (Line Drive, 89S, EV 101.9 MPH)
|
|
Batting: RHB Byron Peyton
|
0-0: Bunted foul 0-1: Bunt missed! 0-2: Foul Ball, location: 2F 0-2: Strikes out looking
|
|
Pinch Hitting: LHB Glen Moon
|
0-0: Grounds into double play, 6-4-3 (Groundball, 6, EV 101.9 MPH)
|
| Bottom of the 7th over - 0 runs, 1 hit, 0 errors, 0 left on base; Anderson 2 - Greenville 1 |
| TOP OF THE 8TH |
|
Anderson Rebels batting - Pitching for Greenville Spinners : RHP Linvel Mosby
|
|
Now in LF: Tim Jordan
|
|
|
Batting: RHB Jose Bernhardt
|
0-0: Called Strike 0-1: Fly out, F4 (Popup, 4M, EV 60.0 MPH)
|
|
Batting: RHB Hector Ordonez
|
0-0: Called Strike 0-1: Foul Ball, location: 2F 0-2: Strikes out swinging
|
|
Batting: RHB Mike Gallego
|
0-0: Ball 1-0: SINGLE (Groundball, 6M, EV 102.5 MPH) (infield hit)
|
|
Batting: RHB Juan Blanco
|
0-0: Ball 1-0: Called Strike 1-1: Ball 2-1: Ball 3-1: Foul Ball, location: 2F 3-2: Foul Ball, location: 2F 3-2: DOUBLE (Line Drive, 9LM, EV 96.3 MPH) Mike Gallego to third Mike Gallego scores
|
|
Batting: RHB Henry Cotto
|
0-0: Called Strike 0-1: Foul Ball, location: 2F 0-2: Ball 1-2: Ground out 6-3 (Groundball, 6, EV 92.5 MPH)
|
| Top of the 8th over - 1 run, 2 hits, 0 errors, 1 left on base; Anderson 3 - Greenville 1 |
| BOTTOM OF THE 8TH |
|
Greenville Spinners batting - Pitching for Anderson Rebels : RHP Fernando Santana
|
|
Batting: RHB Luis Salazar
|
0-0: Called Strike 0-1: Foul Ball, location: 2F 0-2: Ball 1-2: Foul Ball, location: 2F 1-2: SINGLE (Line Drive, 78S, EV 95.6 MPH)
|
|
Batting: RHB Darrell Woodard
|
0-0: Grounds into double play, 3-6-3 (Groundball, 34, EV 85.0 MPH)
|
|
Batting: RHB Tony Russell
|
0-0: Called Strike 0-1: Ground out 5-3 (Groundball, 56S, EV 66.9 MPH)
|
| Bottom of the 8th over - 0 runs, 1 hit, 0 errors, 0 left on base; Anderson 3 - Greenville 1 |
| TOP OF THE 9TH |
|
Anderson Rebels batting - Pitching for Greenville Spinners : RHP Linvel Mosby
|
|
Batting: RHB Larry See
|
0-0: Called Strike 0-1: Ball 1-1: Foul Ball, location: 2F 1-2: Fly out, F7 (Flyball, 78S, EV 88.8 MPH)
|
|
Batting: RHB Todd Demeter
|
0-0: Ball 1-0: Foul Ball, location: 2F 1-1: Ball 2-1: Ball 3-1: Base on Balls
|
|
Batting: RHB Steve Lombardozzi
|
0-0: Ball 1-0: Fielders Choice at 2nd, 5-4 (Groundball, 56S, EV 85.0 MPH)
|
|
Batting: RHB Guillermo Montiel
|
0-0: Ball Wild Pitch! Steve Lombardozzi to second 1-0: Ball 2-0: Ball 3-0: Called Strike 3-1: Called Strike 3-2: DOUBLE (Line Drive, 78D, EV 109.4 MPH) Steve Lombardozzi scores
|
|
Pitching: RHP Michael Morrissey
|
|
|
Batting: RHB Jose Bernhardt
|
0-0: Ball 1-0: Ball 2-0: DOUBLE (Line Drive, 9LS, EV 91.9 MPH) Guillermo Montiel scores
|
|
Batting: RHB Hector Ordonez
|
0-0: Called Strike 0-1: Swinging Strike 0-2: Ground out 4-3 (Groundball, 4, EV 85.6 MPH)
|
| Top of the 9th over - 2 runs, 2 hits, 0 errors, 1 left on base; Anderson 5 - Greenville 1 |
| BOTTOM OF THE 9TH |
|
Greenville Spinners batting - Pitching for Anderson Rebels : RHP Fernando Santana
|
|
Batting: LHB John Edmonds
|
0-0: Called Strike 0-1: Ball 1-1: Called Strike 1-2: Fly out, F8 (Flyball, 8LXD, EV 101.3 MPH)
|
|
Batting: LHB William Hance
|
0-0: Ball 1-0: Foul Ball, location: 2F 1-1: Fly out, F5 (Popup, 5F, EV 60.6 MPH)
|
|
Batting: RHB Bobby Miscik
|
0-0: Ball 1-0: SINGLE (Groundball, 4D, EV 110.0 MPH)
|
|
Batting: RHB Glenn Robertson
|
0-0: Ball 1-0: Ball 2-0: Ball 3-0: Called Strike 3-1: Fly out, F8 (Flyball, 8RXD, EV 76.9 MPH)
|
| Bottom of the 9th over - 0 runs, 1 hit, 0 errors, 1 left on base; Anderson 5 - Greenville 1 |
|